cohdb
Replays
Latest Replays
All Replays
Popular Replays
Top Player Replays
Match Explorer
How It Works
Community
CoH3 Stats
Reddit
Sign in to upload your games and track your stats! →
Sign in with Steam
Match 27411639
Unlisted
Match 27411639
Overview
Messages
Build Orders
End
Panzergrenadier Squad
Selects Armored Support Battlegroup
Panzerpioneer Squad
Panzergrenadier Squad
250 Light Carrier
Construct Light Support Kompanie
MG34 Team
Construct Mechanized Kompanie
8 Rad Armored Car
Selects Superior Fire Drills
Vehicle Survival Package
Support Armor Elements
Assault Mechanized Group
Selects Vehicle Awareness
StuG III D Assault Gun
Selects Panzer Storm
Emergency Repair Kits
Rapid Advance
Assault Mechanized Group
Marder III Tank Destroyer
StuG III D Assault Gun
Marder III Tank Destroyer
StuG III D Assault Gun
Assault Mechanized Group
Wrathment
Baguette
0
0
Comments
sign in to comment!
No comments posted yet!